 Dungeon Crawl Stone Soup version 0.21.1-1-g345015f (webtiles) character file.

94 diana the Skirmisher (level 4, -2/41 HPs)
             Began as a Minotaur Fighter on June 8, 2018.
             Slain by an orc priest (4 damage)
             ... on level 3 of the Dungeon.
             The game lasted 00:01:31 (1306 turns).

diana the Skirmisher (Minotaur Fighter)             Turns: 1306, Time: 00:01:33

Health: -2/41      AC: 12    Str: 27    XL:     4   Next: 38%
Magic:  3/3        EV:  5    Int:  5    God:
Gold:   133        SH: 10    Dex:  9    Spells: 3/3 levels left

rFire    . . .     SeeInvis .   a - +0 war axe
rCold    . . .     Gourm    .   c - +0 shield
rNeg     . . .     Faith    .   p - +0 plate armour
rPois    .         Spirit   .   (helmet restricted)
rElec    .         Reflect  .   (no cloak)
rCorr    .         Harm     .   (no gloves)
MR       .....                  (no boots)
Stlth    ..........             (no amulet)
HPRegen  0.13/turn              (no ring)
MPRegen  0.08/turn              (no ring)

@: mighty, hasted, very quick
A: retaliatory headbutt, horns 2
a: no special abilities


You were on level 3 of the Dungeon.
You were not hungry.

You visited 1 branch of the dungeon, and saw 3 of its levels.

You collected 133 gold pieces.

Inventory:

Hand Weapons
 a - a +0 war axe (weapon)
Armour
 b - a +0 scale mail
 c - a +0 shield (worn)
 p - a +0 plate armour (worn)
Jewellery
 g - an uncursed ring of ice {unknown}
Scrolls
 h - 4 scrolls of remove curse {unknown}
 i - 2 scrolls of fog {unknown}
 k - 4 scrolls of identify {unknown}
 n - 2 scrolls of fear {unknown}
 o - 3 scrolls of blinking {unknown}
 q - 2 scrolls of enchant weapon {unknown}
 r - a scroll of noise {unknown}
 s - a scroll of teleportation {unknown}
Potions
 e - a potion of flight {unknown}
 j - a potion of haste
 l - a potion of curing {unknown}
 m - 2 potions of brilliance {unknown}
Comestibles
 f - 5 rations


   Skills:
 + Level 4.4 Fighting
 + Level 3.4 Axes
 + Level 4.4 Armour
 + Level 4.4 Shields


You had 3 spell levels left.
You didn't know any spells.

Dungeon Overview and Level Annotations

Branches:
Dungeon (3/15)

Altars:
Cheibriados
Okawaru


Innate Abilities, Weirdness & Mutations

You reflexively headbutt those who attack you in melee.
You have a pair of horns on your head.


Message History

You closely miss the orc priest.
You kill the orc priest!
You have reached level 4!
You feel stronger.
You closely miss the bat. You closely miss the orc priest.
The bat hits you but does no damage.
The orc priest hits you but does no damage.
You slash the orc priest! Your headbutt misses the orc priest.
The orc priest is moderately wounded.
You barely miss the bat. You block the bat's attack.
You block the orc priest's attack.
Unknown command.
Your plate armour prevents you from hitting the orc priest.
Your headbutt misses the orc priest.
The orc priest is moderately wounded.
You closely miss the bat. The bat barely misses you. You furiously retaliate!
You headbutt the bat!!
You kill the bat!
The orc priest hits you.
You die...

# ##### ##'#### ##...#
.......###.##.#.#
#.....o....##.#.#
#.....)@#####.#.#
#.............#.########
#......########.#.......
#...... #.#.##....
####### #.#.##....
#.#....... #.###..##.
#..)...#.. ######.#..


You could see an orc priest.

Vanquished Creatures
  An orc priest (D:3)
  An adder (D:2)
  A worm (D:2)
  A dart slug (D:1)
  2 leopard geckos
  2 orcs (D:3)
  7 bats
  5 giant cockroaches
  6 goblins
  3 hobgoblins (D:1)
  4 kobolds
  2 ball pythons
  9 frilled lizards
  5 rats
49 creatures vanquished.

Notes
Turn   | Place    | Note
-------+----------+-------------------------------------------
     0 | D:1      | diana the Minotaur Fighter began the quest for the Orb.
     0 | D:1      | Reached XP level 1. HP: 19/19 MP: 0/0
     1 | D:1      | Found an iron altar of Okawaru.
    70 | D:1      | Reached XP level 2. HP: 27/27 MP: 1/1
   316 | D:1      | Reached XP level 3. HP: 33/33 MP: 2/2
   422 | D:2      | Found a snail-covered altar of Cheibriados.
   684 | D:2      | Found an iron altar of Okawaru.
  1303 | D:3      | HP: 1/33 [orc priest/nerve-wracking pain (4)]
  1304 | D:3      | Reached XP level 4. HP: 2/41 MP: 3/3
  1306 | D:3      | Slain by an orc priest

Skill      XL: |  1  2 |
---------------+-------+-----
Fighting       | 4 |  4.4
Armour         | 4 |  4.4
Shields        | 4 |  4.4
Axes           | 3 |  3.4

Action                   |  1- 3 |  4- 6 || total
-------------------------+-------+-------++-------
Melee: War axe           |   104 |     2 ||   106
       Headbutt          |    11 |       ||    11
  Use: Potion            |     2 |       ||     2
  Eat: Chunk             |     1 |       ||     1
Armor: Scale mail        |    33 |       ||    33
       Plate armour      |    36 |     2 ||    38
Dodge: Dodged            |    36 |     1 ||    37
Block: Shield            |    53 |     2 ||    55
